 Dungeon Sprint DCSS version 0.30-a0-39-g42789b21ef (webtiles) character file.

Game seed: 1268156641715312256

1925 mhtbhm the Basher (level 8, -3/91 HPs)
             Began as a Troll Berserker on Aug 28, 2022.
             Was a High Priest of Trog.
             Shot with an arrow by a centaur warrior (17 damage)
             ... in the Dungeon (Sprint IX: "|||||||||||||||||||||||||||||").
             The game lasted 00:01:10 (341 turns).

mhtbhm the Basher (Troll Berserker)                  Turns: 341, Time: 00:01:11

Health: -3/91      AC: 11    Str: 28    XL:     8   Next: 96%
Magic:  7/7        EV: 13    Int:  6    God:    Trog [*****.]
Gold:   0          SH:  0    Dex: 12    Spells: 7/7 levels left

rFire   . . .      SeeInvis .    a - +2 dire flail (protect)
rCold   . . .      Faith    .    (shield currently unavailable)
rNeg    . . .      Spirit   .    b - +0 animal skin
rPois   .          Reflect  .    (helmet restricted)
rElec   .          Harm     .    (no cloak)
rCorr   .          Rampage  .    (gloves unavailable)
Will    .....      NoTele   +    (boots unavailable)
Stlth   +.........               (no amulet)
HPRegen 1.05/turn                k - +3 ring of dexterity
MPRegen 0.10/turn                l - +3 ring of intelligence

@: under a protective aura, on berserk cooldown, slowed, invisible, very slow
A: large, unfitting armour, claws 3, regeneration 1, shaggy fur 1, tough skin 1
a: Renounce Religion, Berserk, Trog's Hand, Brothers in Arms


You were in the Dungeon.
You worshipped Trog.
Trog was extremely pleased with you.
You visited 1 branch

Inventory:

Hand Weapons
 a - a +2 dire flail of protection (weapon)
Armour
 b - a +0 animal skin (worn)
Jewellery
 k - a +3 ring of dexterity (left claw)
 l - a +3 ring of intelligence (right claw)
Wands
 j - a wand of roots (6)
Scrolls
 h - a scroll of blinking
Potions
 c - 3 potions of curing
 e - a potion of haste
 f - 4 potions of magic
 g - a potion of berserk rage


   Skills:
 + Level 8.9 Fighting
 + Level 13.5 Maces & Flails
 + Level 8.5 Dodging
 + Level 0.8 Stealth
 + Level 0.1 Evocations


You had 7 spell levels left.
You didn't know any spells.
Your spell library was empty.

Dungeon Overview and Level Annotations

Branches:
Dungeon (1/1)

Altars:
Cheibriados
Dithmenos
Elyvilon
Fedhas
Gozag
Hepliaklqana
Kikubaaqudgha
Makhleb
Nemelex Xobeh
Okawaru
Qazlal
Ru
Sif Muna
Trog
Uskayaw
Vehumet
Wu Jian
Xom
Yredelemnul
Zin
The Shining One
Jiyva
Lugonu


Innate Abilities, Weirdness & Mutations

You are too large for most types of armour.
You have claws for hands.
Your natural rate of healing is unusually fast.
You are covered in fur. (AC +1)
You have tough skin. (AC +1)


Message History

The grasping roots constrict the gargoyle, but do no damage.
The roots release their grip on the centaur warrior.
The roots release their grip on the gargoyle.
The gargoyle hits you with a +0 flail of protection!
* * * LOW HITPOINT WARNING * * *
You feel much better.
The gargoyle hurls a stone arrow at you.
The stone arrow hits you!!
* * * LOW HITPOINT WARNING * * *
The gargoyle hits you with a +0 flail of protection.
* * * LOW HITPOINT WARNING * * *
Blink to where?
Press: ? - help, Dir - move target, p - gargoyle
As you read the scroll of blinking, it crumbles to dust.
Okay, then.
There is an open door to the Dungeon, spattered with blood here.
You see here a yak corpse.
You close the door, pushing everything out of the way.
You feel better.
You feel better.
A gargoyle opens the door.
Unknown command.
You fade into invisibility!
The centaur warrior wields a +0 shortbow.
The centaur warrior shoots an arrow.
The arrow hits the gargoyle!
Unknown command.
You strike the helpless gargoyle from behind!
You sock the gargoyle!
Your weapon exudes an aura of protection.
The gargoyle is almost destroyed.
The gargoyle hits you with a +0 flail of protection!!
* * * LOW HITPOINT WARNING * * *
You hit the gargoyle but do no damage.
The gargoyle is almost destroyed.
The centaur warrior shoots an arrow.
The arrow hits the gargoyle.
The gargoyle is destroyed!
The centaur warrior shoots an arrow.
The arrow hits you.
* * * LOW HITPOINT WARNING * * *
The centaur warrior shoots an arrow.
The arrow barely misses you.
The centaur warrior shoots an arrow.
The arrow hits you!
You die... ▓▓▓▓▓▓▓▓▓▓▓▓▓▓▓▓▓▓▓▓▓▓▓▓▓▓▓▓▓▓▓ +..Dc).†...Dc)@..[[[.)?.'______ ▓▓▓▓▓▓▓▓▓▓▓▓▓▓▓▓▓▓▓▓▓▓▓▓▓▓▓▓▓▓▓

You could see a centaur warrior (unable to see you) and an acid dragon (unable to see you).

Vanquished Creatures
  A catoblepas (D)
  An efreet (D)
  A vampire (D)
  A yak (D)
  A wyvern (D)
  A vampire mosquito (D)
  An acid dragon (D)
  A black bear (D)
  A centaur (D)
  A wight (D)
  An iguana (D)
  3 orcs (D)
  A bat (D)
  2 hobgoblins (D)
  A frilled lizard (D)
  A rat (D)
19 creatures vanquished.

Vanquished Creatures (others)
  A gargoyle (D)
1 creature vanquished.

Grand Total: 20 creatures vanquished

Notes
Turn   | Place    | Note
-------+----------+-------------------------------------------
     0 | D        | mhtbhm the Troll Berserker began the quest for the Orb.
     0 | D        | Reached XP level 1. HP: 22/22 MP: 0/0
     9 | D        | Reached skill level 3 in Maces & Flails
    16 | D        | Reached ** piety under Trog
   116 | D        | Noticed a black bear
   116 | D        | Noticed an iguana
   120 | D        | Reached *** piety under Trog
   121 | D        | Reached XP level 2. HP: 31/31 MP: 1/1
   130 | D        | Reached skill level 4 in Maces & Flails
   130 | D        | Reached XP level 3. HP: 28/39 MP: 2/2
   131 | D        | Killed a black bear
   132 | D        | Reached skill level 5 in Fighting
   132 | D        | Reached skill level 6 in Maces & Flails
   132 | D        | Reached skill level 5 in Dodging
   132 | D        | Reached XP level 4. HP: 39/50 MP: 3/3
   173 | D        | Found a snail-covered altar of Cheibriados.
   173 | D        | Found a shadowy altar of Dithmenos.
   173 | D        | Found a white marble altar of Elyvilon.
   173 | D        | Found a blossoming altar of Fedhas.
   173 | D        | Found an opulent altar of Gozag.
   174 | D        | Found a hazy altar of Hepliaklqana.
   175 | D        | Found a viscous altar of Jiyva.
   176 | D        | Found an ancient bone altar of Kikubaaqudgha.
   177 | D        | Found a corrupted altar of Lugonu.
   178 | D        | Found a burning altar of Makhleb.
   179 | D        | Found a sparkling altar of Nemelex Xobeh.
   180 | D        | Found an iron altar of Okawaru.
   181 | D        | Found a stormy altar of Qazlal.
   182 | D        | Found a sacrificial altar of Ru.
   183 | D        | Found a shimmering blue altar of Sif Muna.
   184 | D        | Found a bloodstained altar of Trog.
   185 | D        | Found a hide-covered altar of Uskayaw.
   186 | D        | Found a radiant altar of Vehumet.
   195 | D        | Found an ornate altar of the Wu Jian Council.
   196 | D        | Found a shimmering altar of Xom.
   197 | D        | Found a basalt altar of Yredelemnul.
   198 | D        | Found a glowing silver altar of Zin.
   199 | D        | Found a glowing golden altar of the Shining One.
   228 | D        | Noticed a centaur
   228 | D        | Noticed a wyvern
   228 | D        | Noticed a vampire
   228 | D        | Noticed an acid dragon
   228 | D        | Noticed a yak
   233 | D        | Killed a yak
   233 | D        | Reached **** piety under Trog
   234 | D        | Reached skill level 8 in Maces & Flails
   234 | D        | Reached XP level 5. HP: 59/59 MP: 4/4
   234 | D        | Reached XP level 6. HP: 67/67 MP: 5/5
   237 | D        | Killed an acid dragon
   238 | D        | Reached skill level 9 in Maces & Flails
   242 | D        | Killed a vampire
   243 | D        | Reached XP level 7. HP: 76/76 MP: 6/6
   244 | D        | Killed a wyvern
   244 | D        | Reached ***** piety under Trog
   245 | D        | Reached skill level 10 in Maces & Flails
   249 | D        | Reached skill level 11 in Maces & Flails
   301 | D        | Noticed a centaur warrior
   301 | D        | Noticed a gargoyle
   301 | D        | Noticed an efreet
   301 | D        | Noticed a vampire mosquito
   301 | D        | Noticed a catoblepas
   310 | D        | Killed a vampire mosquito
   313 | D        | Killed a catoblepas
   314 | D        | Reached skill level 12 in Maces & Flails
   314 | D        | Reached XP level 8. HP: 89/89 MP: 7/7
   324 | D        | Killed an efreet
   325 | D        | Reached skill level 13 in Maces & Flails
   340 | D        | Killed a gargoyle
   341 | D        | Shot with an arrow by a centaur warrior

Illustrated notes

Levels and vault maps discovered:
D:        linesprint [early_d, line_temple, items_1, d_10, items_2, lair_1,
          lair_end, items_3, orc_1, orc_end, items_4, d_15, swamp_1, shoals_1,
          snake_1, spider_1, d_20, vaults_1, items_5, swamp_end, shoals_end,
          snake_end, spider_end, vaults_end, d_27, items_6, zot_1, zot_end,
          crypt_end, forest_end, elf_end, slime_end, tomb_end, abyss_end,
          pan_hell_end]

Skill      XL: |  1  2  3  4  5  6  7  8 |
---------------+-------------------------+-----
Maces & Flails | 3 4 6 8 9 12 13 | 13.5
Dodging        | 3 5 6 7 8 |  8.5
Fighting       | 3 5 6 8 |  8.9
Stealth        | |  0.8
Evocations     | |  0.1

Action                   |  1- 3 |  4- 6 |  7- 9 || total
-------------------------+-------+-------+-------++-------
Melee: Mace              |    28 |     2 |       ||    30
       Dire flail        |       |    12 |    28 ||    40
       Punch             |       |     1 |       ||     1
Invok: Berserk           |     1 |     1 |     1 ||     3
Evoke: Wand              |       |       |     4 ||     4
  Use: Potion            |       |       |     6 ||     6
       Scroll            |       |       |     1 ||     1
 Stab: Invisible         |       |       |     1 ||     1
Armor: Animal skin       |     7 |     2 |     4 ||    13
Dodge: Dodged            |     6 |     4 |     7 ||    17

Table legend: (Time is in decaauts)
 A = Elapsed time spent in this place.
 B = Non-inter-level travel time spent in this place.
 C = Inter-level travel time spent in this place.
 D = Time resting spent in this place.
 E = Time spent auto-exploring this place.
 F = Levels seen in this place.
 G = Mean time per level.
                   A        B        C        D        E       F      G
               +--------+--------+--------+--------+--------+-----+--------+
         Total |    357 |    357 |      0 |    186 |      3 |   1 |  357.0 |
       Dungeon |    357 |    357 |      0 |    186 |      3 |   1 |  357.0 |
               +--------+--------+--------+--------+--------+-----+--------+

Top non-repeatable levels by time:
       D: 357 daAuts
